 Dungeon Crawl Stone Soup version 0.30-a0-23-ge60ba3568b (webtiles) character file.

Game seed: 12786847852940649488

291987 nucleargodhead the Conqueror (level 19, -4/207 HPs)
             Began as a Minotaur Berserker on Aug 24, 2022.
             Was the Champion of Trog.
             Killed by divine providence
             ... invoked by a deep elf high priest
              (14 damage)
             ... on level 3 of the Vaults.
             The game lasted 01:47:14 (50095 turns).

nucleargodhead the Conqueror (Minotaur Berserker)  Turns: 50095, Time: 01:47:16

Health: -4/207     AC: 28    Str: 31    XL:     19   Next: 97%
Magic:  1/18       EV: 39    Int:  3    God:    Trog [******]
Gold:   1687       SH:  9    Dex: 16    Spells: 18/18 levels left

rFire   + . .      SeeInvis +    O - +5 demon whip (vorpal)
rCold   . . .      Faith    .    G - +3 warlock's mirror {reflect}
rNeg    . . .      Spirit   .    Z - +6 chain mail of Gluttony {rF+ Str+4 Dex+3}
rPois   +          Reflect  +    Q - +3 crown of Dyrovepreva {rElec Int+2 SInv}
rElec   +          Harm     .    A - +0 cloak
rCorr   .          Rampage  .    M - +3 Mad Mage's Maulers {Infuse+∞ RegenMP Int-3}
Will    +....                    (no boots)
Stlth   ..........               V - amulet of the acrobat
HPRegen 0.44/turn                m - +4 ring of evasion
MPRegen 0.56/turn                Y - ring of poison resistance

@: corroded, on berserk cooldown, acrobatic, slowed, very slow
A: horns 2, retaliatory headbutt
}: 2/15 runes: decaying, gossamer
a: Renounce Religion, Berserk, Trog's Hand, Brothers in Arms


You were on level 3 of the Vaults.
You worshipped Trog.
Trog was exalted by your worship.
You visited 6 branches of the dungeon, and saw 33 of its levels.
You also visited: Ossuary.

You collected 3433 gold pieces.
You spent 1746 gold pieces at shops.

Inventory:

Hand Weapons
 g - a +4 double sword of flaming
 p - the +6 scimitar of the Sharing Fox {drain, rPois}
   (You acquired it on level 10 of the Dungeon)

   A truly terrible weapon, it drains the life of any living foe it strikes.
   rPois:     It protects you from poison.
 z - a +3 eveningstar of venom
 O - a +5 vorpal demon whip (weapon)
 U - the +2 war axe of Kindness {vorpal, rElec Int+4}
   (You found it on level 4 of the Lair of Beasts)

   It inflicts extra damage upon your enemies.
   Int:       It affects your intelligence (+4).
   rElec:     It insulates you from electricity.
Armour
 x - the +4 pair of gloves "Ilydo" {Dex+2}
   (You bought it in a shop on level 2 of the Orcish Mines)

   Dex:       It affects your dexterity (+2).
 y - a +3 plate armour of poison resistance
 A - a +0 cloak (worn)
 F - a scarf of shadows
 G - the +3 warlock's mirror (worn) {reflect}
   (You acquired it on level 8 of the Dungeon)

   It can block and reflect piercing ranged attacks and magical attacks against
   the wielder's willpower.
 M - the +3 Mad Mage's Maulers (worn) {Infuse+∞ RegenMP Int-3}
   (You took it off Nikola on level 3 of the Swamp)

   It empowers its wearer's blows with all of their magic.
   It causes its wearer's magical reserves to regenerate more quickly.
   Int:       It affects your intelligence (-3).
 Q - the +3 crown of Dyrovepreva (worn) {rElec Int+2 SInv}
   (You found it on level 4 of the Spider Nest)

   Int:       It affects your intelligence (+2).
   rElec:     It insulates you from electricity.
   SInv:      It lets you see invisible.
 Z - the +6 chain mail of Gluttony (worn) {rF+ Str+4 Dex+3}
   (You found it on level 2 of the Swamp)

   Str:       It affects your strength (+4).
   Dex:       It affects your dexterity (+3).
   rF:        It protects you from fire.
Jewellery
 c - a +6 ring of strength
 d - a ring of positive energy
 m - a +4 ring of evasion (left hand)
 s - a +4 ring of protection
 u - a ring of positive energy
 H - a +4 ring of protection
 J - the ring of the Mage {Wiz Archmagi}
   (You found it on level 3 of the Vaults)

   [ring of wizardry]

   It improves your spell success rate.
   Archmagi:  It increases the power of your magical spells.
 V - an amulet of the acrobat (around neck)
 Y - a ring of poison resistance (right hand)
Wands
 a - a wand of digging (19)
 b - a wand of acid (6)
 e - a wand of paralysis (13)
 C - a wand of polymorph (9)
 N - a wand of roots (13)
 T - a wand of flame (25)
Scrolls
 h - 5 scrolls of fog
 j - 5 scrolls of magic mapping
 k - a scroll of teleportation
 l - 10 scrolls of enchant armour
 n - 3 scrolls of torment
 q - 9 scrolls of immolation
 B - 4 scrolls of silence
 D - 6 scrolls of blinking
 E - 3 scrolls of summoning
 I - 2 scrolls of fear
 K - 4 scrolls of poison
 P - 4 scrolls of vulnerability
 X - 23 scrolls of identify
Potions
 f - 2 potions of might
 i - 10 potions of heal wounds
 o - 8 potions of attraction
 r - 3 potions of flight
 t - 6 potions of mutation
 v - 11 potions of curing
 w - a potion of magic
 L - 4 potions of invisibility
 R - 10 potions of ambrosia
 S - 3 potions of haste
 W - 2 potions of resistance


   Skills:
 O Level 27 Fighting
 + Level 16.5 Maces & Flails
 - Level 7.3 Polearms
 - Level 22.5 Armour
 - Level 20.7 Dodging
 - Level 7.6 Shields


You had 18 spell levels left.
You didn't know any spells.
Your spell library was empty.

Dungeon Overview and Level Annotations

Branches:
Dungeon (15/15)            Temple (0/1) D:6            Lair (5/5) D:10
  Swamp (4/4) Lair:2       Spider (4/4) Lair:3        Slime (0/5) Lair:5
    Orc (2/2) D:12            Elf (0/3) Orc:2        Vaults (3/5) D:13
  Crypt (0/3) Vaults:3     Depths (0/4) D:15        Ossuary (visited)

Altars:
Ashenzari
Fedhas
Gozag
Hepliaklqana
Makhleb
Nemelex Xobeh
Okawaru
Qazlal
Ru
Sif Muna
Vehumet
Wu Jian
Xom
Yredelemnul
Zin

Shops:
D:4 =   D:15 (   Orc:2 [?*[[   Vaults:3 *

Annotations:
D:14 3 runed translucent doors, Newt's ghost, journeyman KoHu
Lair:1 exclusion: oklob plant
Swamp:1 Roxanne


Innate Abilities, Weirdness & Mutations

You have a pair of horns on your head.
You reflexively headbutt those who attack you in melee.


Message History

You thrash the vault warden!!
The vault warden is almost dead.
You hit the vault warden.
The vault warden is almost dead.
You block the yaktaur captain's attack.
The ettin hits you with a +2 vorpal dire flail.
* * * LOW HITPOINT WARNING * * *
x2 The ettin hits you with a +0 dire flail!!
* * * LOW HITPOINT WARNING * * *
The vault warden closely misses you.
The ettin hits you with a +0 dire flail!!
* * * LOW HITPOINT WARNING * * *
The ettin completely misses you.
The fire giant hits you but does no damage.
You closely miss the vault warden.
The vault warden is almost dead.
The tengu reaver hits you from afar with a +0 bardiche!!
* * * LOW HITPOINT WARNING * * *
Unknown command.
You whack the vault warden!
You kill the vault warden!
Trog accepts your kill.
Trog appreciates your killing of a magic user.
The runic seals fade away.
Unknown command.
The door flies open with a bang!
You block the yaktaur captain's attack. The ettin closely misses you. x2
The fire giant hits you with a +3 great sword of flaming.
* * * LOW HITPOINT WARNING * * *
The fire giant burns you.
* * * LOW HITPOINT WARNING * * *
The tengu reaver hits you from afar with a +0 bardiche.
* * * LOW HITPOINT WARNING * * *
You feel a strong urge to attack something.
You are no longer berserk.
You are exhausted.
You feel yourself slow down.
The deep elf high priest calls down the wrath of its god upon you.
Something smites you!
You die...

#..##..++++++++++..#..# #...
#..##..+ ++..#..# #... #..##..+
++++++++..#..# #...
#..##..+++$::!+++..#..# #...
#..##..+++..|"+++..#..# #... ##
#..##..+++.Dpe+++..#..# #... .#
#..##..++'cCCQ+++..#..# ##'# .#
#..##..+++C'HC+++..#..# #... .#
#..##..++++@c++++..#..# #... ##
#..##..++++++++++..#..# #... .#
#..##..............'..# #... .#
#..##..............#..# #... .#
#..#################..# #...
######..#################..#####'
.................................
.................................
.................................


You could see a storm dragon, a fire giant (empowered), a sphinx (empowered,
paralysed), a stone giant, a tengu reaver (empowered), 2 yaktaur captains, 2
ettins, a vault sentinel (empowered, catching breath) and a deep elf high priest
(brilliance aura).

Vanquished Creatures
  Nikola (Swamp:3)
  Jorgrun (D:12)
  A lich (Vaults:3)
  Rupert (D:12)
  4 sphinxes
  Kirke (D:15)
  A thorn hunter (Swamp:4)
  A tengu reaver (Vaults:3)
  Agnes (Lair:3)
  A fire giant (Vaults:3)
  An orc warlord (Vaults:2)
  3 emperor scorpions
  Louise (D:14)
  Aizul (Swamp:2)
  2 ghost moths
  9 vault wardens
  3 ghouls (Swamp:2)
  14 ironbound preservers
  A stone giant (Vaults:3)
  10 ironbound thunderhulks
  The ghost of jlumianski the Cleaver, a journeyman DsFi of Qazlal (Orc:2)
  7 very ugly things
  3 vampire knights
  7 eleionomae
  12 dire elephants
  3 bunyips
  An eidolon (Vaults:3)
  4 entropy weavers
  A spark wasp (Spider:4)
  9 yaktaur captains
  An ettin (Vaults:3)
  A fire dragon (Lair:5)
  4 shambling mangroves (Swamp:4)
  10 boulder beetles
  A quicksilver dragon skeleton (Vaults:2)
  A ghost crab (Swamp:2)
  4 great orbs of eyes
  3 jorogumos
  An ogre mage (D:15)
  12 vault guards
  19 centaur warriors
  11 hydras
  An ironbound frostheart (Vaults:3)
  6 two-headed ogres
  5 radroaches
  11 death yaks
  7 alligators
  A dancing weapon (Orc:2)
  2 orc high priests (Orc:2)
  Urug (D:12)
  Amaemon (D:8)
  5 pharaoh ants
  A titan skeleton (Vaults:2)
  3 sun moths (Spider:4)
  45 deep trolls
  3 spriggan druids (Swamp:4)
  8 steelbarb worms
  12 orb spiders
  A death drake (Swamp:1)
  6 goliath frogs
  A glowing orange brain (Vaults:3)
  10 swamp dragons
  3 bog bodies
  4 spectral hydras (Swamp:4)
  6 lindwurms
  4 wizards
  4 phantasmal warriors
  A harpy (shapeshifter) (D:15)
  4 ironbound convokers
  4 necromancers
  6 orc knights
  16 ugly things
  6 deep elf pyromancers
  15 wolf spiders
  3 cyclopes
  4 orc sorcerers
  2 manticores
  7 moths of wrath
  A manticore (shapeshifter) (Vaults:3)
  8 will-o-the-wisps
  3 oklob plants (Swamp:4)
  10 elephants (Lair:5)
  12 vault sentinels
  3 black mambas
  An orange demon (D:8)
  7 torpor snails
  2 gargoyles
  7 rime drakes
  6 komodo dragons
  15 cane toads
  27 yaktaurs
  A kobold demonologist (D:9)
  2 unseen horrors
  4 unseen horror zombies (D:9)
  2 efreet (D:15)
  2 demonic crawlers
  A tengu conjurer (D:13)
  2 freezing wraiths
  2 hydra zombies (Swamp:4)
  A yaktaur skeleton (Vaults:2)
  A death drake zombie (Swamp:4)
  6 trolls
  A queen bee (D:12)
  16 meliai
  3 polar bears
  12 tyrant leeches
  27 tarantellas
  9 blink frogs
  11 hornets
  2 hydra skeletons (Swamp:4)
  22 slime creatures
  4 dream sheep (Lair:4)
  A flying skull (Vaults:3)
  18 jumping spiders
  A vampire (D:11)
  A centaur simulacrum (D:14)
  10 spriggans
  4 shadows
  An ettin skeleton (Vaults:2)
  22 culicivoras
  5 wyverns
  2 yaks (shapeshifter)
  26 yaks
  A hog (D:15)
  2 wraiths
  4 basilisks
  A human simulacrum (Vaults:1)
  2 humans (D:13)
  7 vampire mosquitoes
  6 steam dragons
  19 swamp worms
  6 wargs
  Menkaure (D:6)
  37 redbacks
  2 glowing shapeshifter zombies (Vaults:1)
  3 acid dragons
  2 hydra simulacra (Swamp:4)
  14 water moccasins
  13 swamp drakes
  4 sky beasts
  23 orc warriors
  2 ice beasts
  2 swamp dragon zombies (Swamp:4)
  2 black bears
  11 ogres
  3 swamp dragon skeletons (Swamp:4)
  15 centaurs
  3 kobold brigands
  2 elf zombies (Ossuary)
  3 gnoll sergeants
  15 bullfrogs
  A necrophage (Swamp:2)
  An elf skeleton (D:5)
  4 scorpions
  12 wights
  22 killer bees
  4 howler monkeys
  5 electric eels
  6 centaur zombies
  13 orc priests
  4 hounds
  3 jellies
  Crazy Yiuf (D:4)
  2 gnoll boudas
  2 human zombies
  Jessica (D:2)
  10 iguanas
  27 orc wizards
  A polar bear simulacrum (D:12)
  2 yak simulacra (D:12)
  6 wolf simulacra (D:12)
  2 mummies (Ossuary)
  A howler monkey zombie (D:9)
  8 adders
  25 gnolls
  3 white imps
  An ufetubus (D:5)
  An adder zombie (Ossuary)
  3 worms
  6 dart slugs
  58 orcs
  9 bats
  9 endoplasms
  4 giant cockroaches
  5 hobgoblins
  4 jackals (D:1)
  4 quokkas
  6 ball pythons
  7 frilled lizards
  5 goblins
  A goblin zombie (Ossuary)
  8 hobgoblin zombies (Ossuary)
  2 jackal zombies (Ossuary)
  16 kobolds
  7 kobold zombies (Ossuary)
  3 orc skeletons (D:5)
  13 orc zombies
  2 rats
  2 rat zombies (Ossuary)
  2 river rat simulacra (D:12)
  A briar patch (Swamp:4)
1267 creatures vanquished.

Vanquished Creatures (collateral kills)
  An orc high priest (Orc:2)
  2 orc knights (Orc:2)
  An orc sorcerer (Orc:2)
  2 orc warriors (Orc:2)
  An orc priest (Orc:2)
  2 orcs (Orc:2)
9 creatures vanquished.

Vanquished Creatures (others)
  A spriggan (Swamp:1)
  5 bloated husks
  A hornet (Swamp:1)
  A redback (Spider:2)
  A swamp worm (Swamp:4)
  An orc priest (Orc:2)
  An orc (D:15)
  A bat (D:1)
  2 briar patches (Swamp:4)
  31 foxfires
  35 fungi
  106 plants
  6 withered plants (D:9)
192 creatures vanquished.

Grand Total: 1468 creatures vanquished

Notes
Turn   | Place    | Note
-------+----------+-------------------------------------------
     0 | D:1      | nucleargodhead the Minotaur Berserker began the quest for
                  | the Orb.
     0 | D:1      | Reached XP level 1. HP: 19/19 MP: 0/0
   138 | D:1      | Reached skill level 4 in Fighting
   138 | D:1      | Reached XP level 2. HP: 23/27 MP: 1/1
   600 | D:1      | Reached XP level 3. HP: 33/34 MP: 2/2
   789 | D:1      | Reached ** piety under Trog
  1358 | D:2      | Noticed Jessica
  1365 | D:2      | Killed Jessica
  1366 | D:2      | Reached skill level 5 in Fighting
  1366 | D:2      | Reached skill level 5 in Polearms
  1366 | D:2      | Reached XP level 4. HP: 37/42 MP: 3/3
  1848 | D:3      | Found an iron altar of Okawaru.
  1993 | D:3      | Found a blossoming altar of Fedhas.
  2251 | D:3      | Found a faded altar of an unknown god.
  2392 | D:3      | Found a shimmering blue altar of Sif Muna.
  2649 | D:4      | Found a stormy altar of Qazlal.
  2768 | D:4      | Reached XP level 5. HP: 48/48 MP: 4/4
  3010 | D:4      | Found an opulent altar of Gozag.
  3019 | D:4      | Found Quogocut's Jewellery Boutique.
  3053 | D:4      | Noticed an orc warrior
  3053 | D:4      | Noticed a water moccasin
  3061 | D:4      | Killed a water moccasin
  3062 | D:4      | Reached skill level 6 in Fighting
  3062 | D:4      | Reached XP level 6. HP: 52/57 MP: 5/5
  3072 | D:4      | Killed an orc warrior
  3075 | D:4      | Reached skill level 7 in Fighting
  3075 | D:4      | Reached *** piety under Trog
  3078 | D:4      | Reached XP level 7. HP: 10/66 MP: 6/6
  3375 | D:4      | Found a runed translucent door.
  3376 | D:4      | Noticed Crazy Yiuf
  3523 | D:4      | Killed Crazy Yiuf
  3524 | D:4      | Reached skill level 1 in Maces & Flails
  3613 | D:5      | Entered Level 5 of the Dungeon
  3628 | D:5      | Found a sacrificial altar of Ru.
  3801 | D:5      | Found a sand-covered staircase.
  3807 | Ossuary  | Entered an ossuary
  4085 | Ossuary  | Reached skill level 5 in Maces & Flails
  4117 | Ossuary  | Reached **** piety under Trog
  4161 | Ossuary  | Reached skill level 8 in Fighting
  4358 | D:5      | Reached XP level 8. HP: 75/75 MP: 7/7
  4363 | D:5      | Found a sparkling altar of Nemelex Xobeh.
  4928 | D:6      | Reached skill level 9 in Fighting
  4967 | D:6      | Reached skill level 10 in Maces & Flails
  5499 | D:6      | Reached XP level 9. HP: 83/85 MP: 8/8
  5575 | D:6      | Reached skill level 10 in Fighting
  5766 | D:6      | Found an ornate altar of the Wu Jian Council.
  5905 | D:6      | Noticed Menkaure
  5910 | D:6      | Killed Menkaure
  5954 | D:6      | Found a staircase to the Ecumenical Temple.
  6503 | D:7      | Found a shimmering altar of Xom.
  6600 | D:7      | Found a broken altar of Ashenzari.
  7075 | D:7      | Reached skill level 15 in Maces & Flails
  7270 | D:8      | Reached skill level 11 in Fighting
  7511 | D:7      | Reached XP level 10. HP: 28/96 MP: 9/9
  7966 | D:8      | Noticed a two-headed ogre
  7970 | D:8      | Noticed Maurice
  7974 | D:8      | Killed a two-headed ogre
  7998 | D:8      | Noticed Maurice
  7998 | D:8      | Maurice changed into Maurice the warg
  8008 | D:8      | Killed Maurice the warg
  8202 | D:8      | Noticed Amaemon
  8202 | D:8      | Noticed an orange demon
  8231 | D:8      | Killed Amaemon
  8232 | D:8      | Reached skill level 5 in Armour
  8236 | D:8      | Killed an orange demon
  8237 | D:8      | Reached skill level 5 in Dodging
  8325 | D:8      | Found Zin's Purification Station.
  8325 | D:8      | Found a glowing silver altar of Zin.
  8333 | D:8      | Bought a potion of curing for 90 gold pieces
  8506 | D:8      | Identified a scroll of acquirement
  8507 | D:8      | Acquired the +3 warlock's mirror {reflect}
  8507 | D:8      | Found the +3 warlock's mirror {reflect}
  8547 | D:9      | Noticed a six-headed hydra
  8552 | D:8      | Reached skill level 12 in Fighting
  8591 | D:9      | Noticed a two-headed ogre
  8605 | D:8      | Killed a two-headed ogre
  8606 | D:8      | Reached skill level 1 in Shields
  8775 | D:9      | Reached XP level 11. HP: 104/104 MP: 10/10
  8810 | D:9      | Killed a six-headed hydra
  9447 | D:9      | Found a basalt altar of Yredelemnul.
  9499 | D:9      | Reached ***** piety under Trog
  9739 | D:10     | Entered Level 10 of the Dungeon
 10245 | D:10     | Found a staircase to the Lair.
 10402 | D:10     | Found a hazy altar of Hepliaklqana.
 10663 | D:10     | Acquired the +6 scimitar of the Sharing Fox {drain, rPois}
 10891 | Lair:1   | Entered Level 1 of the Lair of Beasts
 11100 | Lair:1   | Noticed an oklob plant
 11255 | Lair:1   | You fall into a shaft and drop 1 floor!
 11384 | Lair:2   | Reached skill level 13 in Fighting
 11503 | Lair:2   | Noticed a seven-headed hydra
 11505 | Lair:2   | Reached skill level 5 in Shields
 11515 | Lair:2   | Killed a seven-headed hydra
 11708 | Lair:2   | Reached XP level 12. HP: 103/115 MP: 11/11
 12067 | Lair:2   | Found a staircase to the Swamp.
 12082 | Lair:2   | Reached skill level 10 in Armour
 13822 | Lair:3   | Noticed a death yak
 13822 | Lair:3   | Noticed a death yak
 13824 | Lair:3   | Noticed a death yak
 13824 | Lair:3   | Noticed a death yak
 13825 | Lair:3   | Noticed a death yak
 13829 | Lair:3   | Killed a death yak
 13831 | Lair:3   | Noticed a death yak
 13833 | Lair:3   | Killed a death yak
 13839 | Lair:3   | Killed a death yak
 13850 | Lair:3   | Killed a death yak
 13851 | Lair:3   | Reached skill level 10 in Dodging
 14267 | Lair:3   | Found a hole to the Spider Nest.
 14619 | Lair:3   | Killed a death yak
 14630 | Lair:3   | Killed a death yak
 14753 | Lair:3   | Identified the +0 ring mail of the Eight Boll Weevils
                  | {rElec rPois Will+}
 15763 | Lair:4   | Reached skill level 14 in Fighting
 15771 | Lair:4   | Reached XP level 13. HP: 108/124 MP: 12/12
 16092 | Lair:4   | Identified the +2 war axe of Kindness {vorpal, rElec Int+4}
 16369 | Lair:5   | Entered Level 5 of the Lair of Beasts
 16410 | Lair:5   | Received a gift from Trog
 17360 | Lair:5   | Found a staircase to the Slime Pits.
 18482 | Lair:5   | Noticed a fire dragon
 18499 | Lair:5   | Killed a fire dragon
 18855 | D:11     | Reached skill level 15 in Fighting
 19242 | D:11     | Reached XP level 14. HP: 102/135 MP: 13/13
 19366 | D:11     | Received a gift from Trog
 20239 | D:12     | Noticed Jorgrun
 20261 | D:12     | HP: 5/135 [constriction (8)]
 20882 | D:12     | Noticed Rupert
 20984 | D:12     | Killed Rupert
 20996 | D:12     | Reached skill level 15 in Armour
 21295 | D:12     | Found a staircase to the Orcish Mines.
 21300 | D:12     | Noticed Urug
 21315 | D:12     | Killed Urug
 21690 | D:12     | Killed Jorgrun
 21918 | Orc:1    | Entered Level 1 of the Orcish Mines
 21918 | Orc:1    | Found a burning altar of Makhleb.
 22067 | Orc:2    | Entered Level 2 of the Orcish Mines
 22274 | Orc:2    | Received a gift from Trog
 22400 | Orc:2    | Found Kuvvol's Antique Armour Boutique.
 22400 | Orc:2    | Found Viuhe's General Store.
 22402 | Orc:2    | Found Vuuliq's Armour Shoppe.
 22402 | Orc:2    | Found Ilosaw's Magic Scroll Boutique.
 22504 | Orc:2    | Bought a scroll of identify for 26 gold pieces
 22504 | Orc:2    | Bought 3 scrolls of identify for 78 gold pieces
 22512 | Orc:2    | Bought a scroll of brand weapon for 114 gold pieces
 22544 | Orc:2    | Bought the +4 pair of gloves "Ilydo" {Dex+2} for 606 gold
                  | pieces
 22623 | Orc:2    | Found Daonn's Antique Armour Boutique.
 22947 | Orc:2    | Bought a glowing plate armour for 832 gold pieces
 22985 | Orc:2    | Found a staircase to the Elven Halls.
 23026 | Orc:2    | Found a runed translucent door.
 23026 | Orc:2    | Found a shimmering altar of Xom.
 23026 | Orc:2    | Noticed jlumianski's ghost (journeyman DsFi)
 23053 | Orc:2    | Killed jlumianski's ghost
 23771 | D:13     | Received a gift from Trog
 23863 | D:13     | Reached skill level 16 in Fighting
 23978 | D:13     | Reached skill level 15 in Dodging
 24432 | D:13     | Found a gate to the Vaults.
 24680 | D:13     | Reached XP level 15. HP: 129/144 MP: 14/14
 25165 | D:14     | Found a runed translucent gate.
 25182 | D:14     | Noticed Newt's ghost (journeyman KoHu)
 25217 | D:14     | Found a runed translucent gate.
 25217 | D:14     | Found a runed translucent gate.
 25230 | D:14     | Found a radiant altar of Vehumet.
 25320 | D:14     | Noticed Louise
 25335 | D:14     | Killed Louise
 25919 | D:15     | Entered Level 15 of the Dungeon
 25927 | D:15     | Found Hyetiowann's Firing Range.
 26431 | D:15     | Found a staircase to the Depths.
 26777 | D:15     | Paralysed by an orc sorcerer for 4 turns
 27098 | D:15     | Noticed Kirke
 27114 | D:15     | Killed Kirke
 27601 | Spider:1 | Entered Level 1 of the Spider Nest
 27617 | Spider:1 | Noticed Agnes
 27645 | Lair:3   | Killed Agnes
 27962 | Spider:1 | Received a gift from Trog
 28218 | Spider:1 | Noticed an emperor scorpion
 28265 | Spider:1 | Killed an emperor scorpion
 28525 | Spider:1 | Reached skill level 17 in Fighting
 29493 | Spider:2 | Reached XP level 16. HP: 141/153 MP: 15/15
 30195 | Spider:3 | Received a gift from Trog
 32785 | Spider:4 | Entered Level 4 of the Spider Nest
 34106 | Spider:4 | Found the +3 crown of Dyrovepreva {rElec Int+2 SInv}
 34114 | Spider:4 | Got a gossamer rune of Zot
 34282 | Spider:4 | Reached skill level 18 in Fighting
 34631 | Spider:4 | Reached ****** piety under Trog
 35021 | Spider:4 | Received a gift from Trog
 35467 | Spider:4 | Reached XP level 17. HP: 144/163 MP: 16/16
 35847 | Swamp:1  | Entered Level 1 of the Swamp
 35973 | Swamp:1  | Identified the +1 long sword "Hioggova" {flame, Str+2}
 36187 | Swamp:1  | Noticed Roxanne
 37504 | Swamp:2  | Identified the +6 chain mail of Gluttony {rF+ Str+4 Dex+3}
 37974 | Swamp:2  | Noticed Aizul
 37995 | Swamp:2  | Killed Aizul
 38005 | Swamp:2  | Received a gift from Trog
 39193 | Swamp:4  | Entered Level 4 of the Swamp
 39293 | Swamp:4  | Noticed Nikola
 39475 | Swamp:3  | Killed Nikola
 40160 | Swamp:4  | Received a gift from Trog
 40396 | Swamp:4  | Reached skill level 19 in Fighting
 41400 | Swamp:4  | Reached XP level 18. HP: 120/176 MP: 6/17
 41617 | Swamp:4  | Found a blossoming altar of Fedhas.
 41957 | Swamp:4  | Found a basalt altar of Yredelemnul.
 42232 | Swamp:4  | Got a decaying rune of Zot
 42480 | Vaults:1 | Entered Level 1 of the Vaults
 42630 | Vaults:1 | Received a gift from Trog
 43332 | Vaults:1 | Reached skill level 20 in Fighting
 43717 | Vaults:1 | Reached skill level 21 in Fighting
 44423 | Vaults:1 | Received a gift from Trog
 44437 | Vaults:1 | Reached skill level 22 in Fighting
 45014 | Vaults:2 | Reached skill level 23 in Fighting
 46043 | Vaults:2 | Reached XP level 19. HP: 198/198 MP: 1/18
 46048 | Vaults:2 | Reached skill level 24 in Fighting
 46062 | Vaults:2 | Identified the +6 broad axe of the Wraith {vorpal, rPois}
                  | (Trog gifted it to you on level 2 of the Vaults)
 46062 | Vaults:2 | Received a gift from Trog
 46910 | Vaults:2 | Reached skill level 25 in Fighting
 47737 | Vaults:3 | Found a staircase to the Crypt.
 47747 | Vaults:3 | Paralysed by a vampire knight for 5 turns
 48085 | Vaults:3 | Found Okieceq's General Store.
 48378 | Vaults:3 | Reached skill level 26 in Fighting
 48517 | Vaults:3 | Received a gift from Trog
 49423 | Vaults:3 | Found a huge runed gate.
 49423 | Vaults:3 | Found a huge runed gate.
 49423 | Vaults:3 | Found a huge runed gate.
 49423 | Vaults:3 | Found a huge runed gate.
 49423 | Vaults:3 | Found a huge runed gate.
 49423 | Vaults:3 | Found a huge runed gate.
 49424 | Vaults:3 | Found a huge runed gate.
 49424 | Vaults:3 | Found a huge runed gate.
 49424 | Vaults:3 | Found a huge runed gate.
 49424 | Vaults:3 | Found a huge runed gate.
 49424 | Vaults:3 | Found a huge runed gate.
 49486 | Vaults:3 | Found the ring of the Mage {Wiz Archmagi}
 49570 | Vaults:3 | Found a huge runed gate.
 49571 | Vaults:3 | Found a huge runed gate.
 49572 | Vaults:3 | Found a huge runed gate.
 49573 | Vaults:3 | Found a huge runed gate.
 49574 | Vaults:3 | Found a huge runed gate.
 49582 | Vaults:3 | Found a huge runed gate.
 49582 | Vaults:3 | Found a huge runed gate.
 49582 | Vaults:3 | Found a huge runed gate.
 49582 | Vaults:3 | Found a huge runed gate.
 49582 | Vaults:3 | Found a huge runed gate.
 49582 | Vaults:3 | Found a huge runed gate.
 49583 | Vaults:3 | Found a huge runed gate.
 49584 | Vaults:3 | Found a huge runed gate.
 49585 | Vaults:3 | Found a huge runed gate.
 49593 | Vaults:3 | Found a huge runed gate.
 49593 | Vaults:3 | Found a huge runed gate.
 49593 | Vaults:3 | Found a huge runed gate.
 49593 | Vaults:3 | Found a huge runed gate.
 49593 | Vaults:3 | Found a huge runed gate.
 49593 | Vaults:3 | Found a huge runed gate.
 49594 | Vaults:3 | Found a huge runed gate.
 49595 | Vaults:3 | Found a huge runed gate.
 49596 | Vaults:3 | Found a huge runed gate.
 49605 | Vaults:3 | Found a huge runed gate.
 49605 | Vaults:3 | Found a huge runed gate.
 49682 | Vaults:3 | Reached skill level 27 in Fighting
 50094 | Vaults:3 | HP: 14/310 [tengu reaver/+0 bardiche (2)]
 50095 | Vaults:3 | Killed from afar by a deep elf high priest

Illustrated notes

Levels and vault maps discovered:
D:1:      sevenhm_arrival_forest_fort_large_2, layout_rooms,
          chequers_serial_rivers_small_b, lemuel_flame_loot_1
D:2:      layout_rooms, uniq_jessica
D:3:      layout_basic, lemuel_tele_altar, mainiacjoe_overflow_chevrons,
          tgw_sif, ebering_ecumenical_altar_petrified
D:4:      layout_basic, mainiacjoe_overflow_alcove_4,
          mainiacjoe_overflow_boulevard, serial_shops, nicolae_shop_crystal,
          minmay_manual_mess, uniq_crazy_yiuf_cottage
D:5:      layout_cave_pods, nicolae_ru_great_annihilating_truth,
          nemelex_xobeh_ov_fountains_minmay, nicolae_ossuary_entry_catacombs
D:6:      nicolae_whirlpool, layout_rooms, nicolae_wu_jian_glorious_leap,
          temple_green, kennysheep_another_room, uniq_menkaure
D:7:      layout_loops_ring, marbit_many_paths, nicolae_ashenzari_panopticon
D:8:      layout_cave_pools, zin_purify, nicolae_elevator_lobby_asterisk,
          uniq_amaemon, uniq_maurice
D:9:      layout_basic, lemuel_zombie_altar_yredelemnul, serial_undead,
          serial_undead_c, serial_undead_a, serial_undead_f, serial_undead_b,
          serial_undead_c, serial_undead_a
D:10:     layout_basic, mainiacjoe_overflow_24_doors, erik_lair_orcish_takeover,
          amcnicky_mini_rare_corridor_liquid
D:11:     layout_basic
D:12:     layout_roguey, erik_orc_1, special_room [special_room_bee],
          eino_house_with_fridge, uniq_jorgrun, uniq_rupert, uniq_urug
D:13:     layout_loops_ring, grunt_vaults_entry_fortified
D:14:     layout_loops_ring, chequers_garden, gammafunk_ghost_split,
          nicolae_vehumet_radiance, uniq_louise
D:15:     hangedman_depths_entry_civil_slaughter, layout_rooms,
          nicolae_shop_firing_range, uniq_kirke
Lair:1:   layout_cave_pods, minmay_lair_oklob_bushes, serial_bayou_shore_a,
          grunt_megastairs_2, serial_bayou_shore_b
Lair:2:   layout_cave_pods, skrybe_swamp_entry_bodies, minivault_19
Lair:3:   layout_gridlike, spider_nest_entry_rubble
Lair:4:   layout_loops_ring, grunt_forest_large_clearing_hut
Lair:5:   guppyfry_lair_end_dragon, layout_loops_ring, slime_entry_1,
          minivault_26
Swamp:1:  layout_basic_swamp, evilmike_swamp_ruin_wall,
          infiniplex_staircase_pool_2, uniq_roxanne
Swamp:2:  layout_basic_swamp, nicolae_swamp_orc_logging_accident, swamp_pool2,
          ldierk_geyser, uniq_aizul
Swamp:3:  layout_falls_marsh, nicolae_swamp_little_tower
Swamp:4:  byrel_swamp_growth_death_and_undeath, layout_basic_swamp, swamp_pool5,
          uniq_nikola
Spider:1: layout_spider_delve, uniq_agnes
Spider:2: layout_spider_delve, hellmonk_watch_for_rolling_rocks
Spider:3: layout_cave_pods, drop_trap, hangedman_spider_tarantella_strand
Spider:4: grunt_spider_rune_island
Orc:1:    layout_caves, basic_altar
Orc:2:    grunt_orc_tribal_feast, layout_caves, ebering_ghost_xom, serial_shops,
          shop, nicolae_orc_rockfall
Vaults:1: hangedman_vaults_snaps, v_alt_pattern_5, vaults_dpeg_doors,
          ontoclasm_vaults_pinch, vaults_room_semicircle,
          nicolae_vaults_network_quinsquares
          [nicolae_vaults_network_quincunx_subvault,
          nicolae_vaults_network_quincunx_subvault,
          nicolae_vaults_network_quincunx_subvault,
          nicolae_vaults_network_quincunx_subvault], v_pattern_3,
          vaults_dpeg_diagonal, vaults_dpeg_spiral, vaults_room_stairs_pillars,
          v_misc_17, ontoclasm_vaults_idyll, layout_vaults_maze_bifur
Vaults:2: v_rooms_2, ontoclasm_vaults_shout, v_pattern_2,
          nicolae_vaults_network_star, nicolae_vaults_little_squares_3,
          nicolae_vaults_yaktaur_gun_rack, dpeg_vaults_monster_box,
          vaults_mumra_chevron, nicolae_vaults_mini_display_case,
          ontoclasm_vaults_decontamination, nicolae_vaults_shelves_hall,
          layout_vaults_big_room
Vaults:3: v_misc_28, v_misc_22, v_pattern_1, hangedman_vaults_nodes, v_misc_5,
          nicolae_vaults_asterisk, minmay_crypt_entry_simple_plaza, door_vault,
          ontoclasm_vaults_eye, layout_vaults_quadrants, serial_shops,
          nicolae_diamond_shop

Skill      XL: |  1  2  3  4  5  6  7  8  9 10 11 12 13 14 15 16 17 18 19 |
---------------+----------------------------------------------------------+-----
Fighting       | 4 5 6 7 8 9 11 12 13 14 15 16 17 18 19 23 27 | 27.0
Polearms       | 4 5 6 7 |  7.3
Maces & Flails | 7 12 15 16 | 16.5
Armour         | 6 9 12 14 16 18 20 21 22 | 22.5
Dodging        | 6 8 11 13 15 17 18 20 | 20.7
Shields        | 2 5 7 |  7.6

Action                   |  1- 3 |  4- 6 |  7- 9 | 10-12 | 13-15 | 16-18 | 19-21 || total
-------------------------+-------+-------+-------+-------+-------+-------+-------++-------
Melee: Spear             |   111 |    83 |     1 |       |       |       |       ||   195
       Headbutt          |    12 |    17 |    62 |   119 |   385 |   560 |   170 ||  1325
       Dire flail        |       |       |   359 |    50 |       |       |       ||   409
       Demon whip        |       |       |       |   485 |  1559 |  1932 |   504 ||  4480
Throw: Throwing net      |       |       |       |       |       |     6 |       ||     6
Invok: Berserk           |     1 |     1 |     6 |     5 |    15 |     6 |     5 ||    39
       Trog's Hand       |       |     1 |     1 |     1 |     4 |     4 |     2 ||    13
       Brothers in Arms  |       |       |       |       |     2 |       |       ||     2
Evoke: Wand              |       |       |     2 |     3 |     3 |     2 |     2 ||    12
  Use: Scroll            |       |       |       |    26 |    12 |     8 |     1 ||    47
       Potion            |       |       |       |       |     5 |     6 |     1 ||    12
 Stab: Sleeping          |     2 |       |       |       |       |       |       ||     2
       Paralysed         |       |       |     1 |       |     1 |       |     7 ||     9
       Invisible         |       |       |     1 |       |       |     1 |       ||     2
       Petrified         |       |       |       |       |     2 |       |       ||     2
       Confused          |       |       |       |       |     1 |     1 |       ||     2
       Held in net/web   |       |       |       |       |       |     1 |       ||     1
Armor: Animal skin       |    23 |     4 |       |       |       |       |       ||    27
       Leather armour    |       |     1 |       |       |       |       |       ||     1
       Plate armour      |       |     4 |   177 |    93 |   300 |   335 |       ||   909
       Chain mail        |       |       |       |    52 |   179 |   392 |   168 ||   791
Dodge: Dodged            |    57 |    26 |   190 |   188 |   741 |  1373 |   327 ||  2902
Block: Buckler           |       |       |       |    97 |   495 |   701 |   165 ||  1458
       Reflection        |       |       |       |     5 |    38 |    49 |    22 ||   114

Table legend: (Time is in decaauts)
 A = Elapsed time spent in this place.
 B = Non-inter-level travel time spent in this place.
 C = Inter-level travel time spent in this place.
 D = Time resting spent in this place.
 E = Time spent auto-exploring this place.
 F = Levels seen in this place.
 G = Mean time per level.
                   A        B        C        D        E       F      G
               +--------+--------+--------+--------+--------+-----+--------+
         Total |  48687 |  46704 |   1983 |  14638 |  24418 |  34 | 1432.0 |
       Dungeon |  17221 |  16291 |    930 |   3819 |   9915 |  15 | 1148.1 |
          Lair |   8139 |   7619 |    520 |   2173 |   4468 |   5 | 1627.8 |
         Swamp |   6419 |   6235 |    184 |   3218 |   1737 |   4 | 1604.8 |
   Spider Nest |   7627 |   7483 |    144 |   3379 |   2811 |   4 | 1906.8 |
  Orcish Mines |   1689 |   1587 |    102 |    413 |    825 |   2 |  844.5 |
        Vaults |   7218 |   7117 |    101 |   1536 |   4552 |   3 | 2406.0 |
       Ossuary |    372 |    372 |      0 |    100 |    108 |   1 |  372.0 |
               +--------+--------+--------+--------+--------+-----+--------+

Top non-repeatable levels by time:
Spider:3: 2838 daAuts
Spider:4: 2603 daAuts
Vaults:2: 2562 daAuts
 Swamp:3: 2383 daAuts
Vaults:3: 2337 daAuts
Vaults:1: 2318 daAuts
    D:12: 1989 daAuts
  Lair:5: 1893 daAuts
  Lair:2: 1668 daAuts
  Lair:4: 1643 daAuts
  Lair:3: 1594 daAuts
     D:7: 1540 daAuts
 Swamp:4: 1424 daAuts
 Swamp:1: 1420 daAuts
    D:13: 1361 daAuts
